 Dungeon Crawl Stone Soup version 0.26-b1-32-g5d43845318 (webtiles) character file.

Game seed: 13648110574012947483

221 Arthanis the Firebug (level 5, -3/28 HPs)
             Began as a Deep Elf Fire Elementalist on Jan 10, 2021.
             Was an Initiate of Vehumet.
             Slain by an orc
             ... wielding a +0 flail
              (11 damage)
             ... on level 4 of the Dungeon.
             The game lasted 00:04:35 (4081 turns).

Arthanis the Firebug (Deep Elf Fire Elementalist)   Turns: 4081, Time: 00:04:36

Health: -3/28      AC:  2    Str:  5    XL:     5   Next: 65%
Magic:  9/14       EV:  9    Int: 21    God:    Vehumet [......]
Gold:   231        SH:  0    Dex: 15    Spells: 0/13 levels left

rFire    + . .     SeeInvis .   f - +0 dagger
rCold    + . .     Faith    .   (no shield)
rNeg     . . .     Spirit   .   a - +0 robe
rPois    .         Reflect  .   (no helmet)
rElec    .         Harm     .   o - scarf {rC+ rF+}
rCorr    .         Rampage  .   (no gloves)
Will     .....                  (no boots)
Stlth    +++.......             s - amulet of magic regeneration
HPRegen  0.09/turn              n - ring of stealth
MPRegen  0.39/turn              B - -4 ring of evasion (curse)

@: flying
A: no striking features
a: Renounce Religion


You were on level 4 of the Dungeon.
You worshipped Vehumet.
Vehumet was noncommittal.
You visited 2 branches of the dungeon, and saw 5 of its levels.

You collected 231 gold pieces.

Inventory:

Hand Weapons
 f - a +0 dagger (weapon)
Armour
 a - a +0 robe (worn)
 o - a scarf of resistance (worn)
Jewellery
 n - a ring of stealth (left hand)
 s - an amulet of magic regeneration (around neck)
 B - a cursed -4 ring of evasion (right hand)
Wands
 p - a wand of random effects (11)
 v - a wand of flame (20)
Scrolls
 c - 2 scrolls of teleportation
 g - 2 scrolls of immolation {unknown}
 j - 4 scrolls of identify
 l - 4 scrolls of remove curse {unknown}
 q - a scroll of enchant armour {unknown}
 r - 2 scrolls of amnesia {unknown}
 y - a scroll of fear {unknown}
 A - a scroll of blinking {unknown}
Potions
 b - 2 potions of degeneration {unknown}
 d - 3 potions of flight
 e - 2 potions of curing {unknown}
 h - 2 potions of haste {unknown}
 i - a potion of might {unknown}
 k - 4 potions of lignification {unknown}
 m - 2 potions of heal wounds {unknown}
 t - a potion of magic {unknown}
 u - 2 potions of attraction {unknown}
 w - a potion of cancellation {unknown}
 x - 2 potions of mutation {unknown}
 z - a potion of resistance {unknown}


   Skills:
 - Level 2.4 Dodging
 - Level 2.4 Stealth
 + Level 4.7 Spellcasting
 + Level 3.1 Conjurations
 * Level 5.5 Fire Magic


You couldn't memorise any spells.
You knew the following spells:

 Your Spells              Type           Power        Failure   Level
a - Foxfire               Conj/Fire      92%          1%          1
b - Conjure Flame         Conj/Fire      23%          5%          3
c - Sticky Flame          Conj/Fire      23%          19%         4
d - Fireball              Conj/Fire      11%          45%         5

Your spell library contained the following spells:

 Spells                   Type           Power        Failure   Level
 Inner Flame              Hex/Fire       16%          11%         3


Dungeon Overview and Level Annotations

Branches:
Dungeon (4/15)             Temple (1/1) D:4

Altars:
Ashenzari
Dithmenos
Elyvilon
Fedhas
Hepliaklqana
Kikubaaqudgha
Makhleb
Nemelex Xobeh
Okawaru
Qazlal
Ru
Trog
Uskayaw
Vehumet
Wu Jian
Xom
Yredelemnul
Zin
The Shining One


Message History

You conjure some foxfire!
The orc wizard hits you but does no damage.
The orc wizard hits you with a +0 dagger.
Your foxfire dissipates!
The foxfire hits the orc.
The orc is almost dead.
The orc wizard gestures at you while chanting.
The puff of flame hits you. You resist.
* * * LOW HITPOINT WARNING * * *
As you read the scroll labelled SOBABL IQAUTAP, it crumbles to dust.
It is a scroll of identify.
c - 2 scrolls of teleportation The orc barely misses you.
The orc wizard looks braver for a moment.
It was a potion of flight.
You feel very buoyant.
You fly up into the air.
The orc wizard hits you but does no damage.
The orc hits you with a +0 flail!
You die... #oo

#..#....# #.# ##.. ....#..##
#.# #.o. #....#..## #.##
#...#### .....#..### #..#
#.....########.....#...###..###
##.........).##.....#........##
##########.oo##....##.........
###oo#...###...).....
##@.#.###...#######
##........## #. #####...## ##.
##### #.. #.. #.. ##. #### ##
##..####### #


You could see an orc wizard (fast) and 3 orcs.

Vanquished Creatures
  An orc wizard (D:4)
  A worker ant (D:3)
  Natasha (thrice) (D:3)
  3 adders
  An ooze (D:1)
  2 dart slugs (D:1)
  2 leopard geckos
  6 hobgoblins
  4 jackals (D:2)
  10 kobolds
  A quokka (D:3)
  5 bats
  7 frilled lizards
  8 goblins
  A leopard gecko skeleton (D:4)
  7 rats
62 creatures vanquished.

Vanquished Creatures (others)
  287 foxfires
287 creatures vanquished.

Grand Total: 349 creatures vanquished

Notes
Turn   | Place    | Note
-------+----------+-------------------------------------------
     0 | D:1      | Arthanis the Deep Elf Fire Elementalist began the quest for
                  | the Orb.
     0 | D:1      | Reached XP level 1. HP: 10/10 MP: 6/6
   255 | D:1      | Reached XP level 2. HP: 15/15 MP: 4/8
   679 | D:1      | Reached skill level 4 in Fire Magic
   724 | D:1      | Reached XP level 3. HP: 19/19 MP: 6/10
  1814 | D:2      | Reached XP level 4. HP: 24/24 MP: 6/11
  1944 | D:2      | Learned a level 3 spell: Conjure Flame
  1949 | D:2      | Learned a level 4 spell: Sticky Flame
  2502 | D:3      | Noticed Natasha
  2507 | D:3      | Killed Natasha
  2648 | D:3      | Noticed Natasha
  2652 | D:3      | Killed Natasha
  2653 | D:3      | Reached skill level 5 in Fire Magic
  2653 | D:3      | Reached XP level 5. HP: 21/28 MP: 9/13
  2789 | D:3      | Noticed Natasha
  2796 | D:3      | Killed Natasha
  2848 | D:3      | Found a stormy altar of Qazlal.
  2850 | D:3      | Found a shadowy altar of Dithmenos.
  2852 | D:3      | Found a hazy altar of Hepliaklqana.
  2953 | D:3      | Found a faded altar of an unknown god.
  3533 | D:4      | Learned a level 5 spell: Fireball
  3766 | D:4      | Found a staircase to the Ecumenical Temple.
  3776 | Temple   | Entered the Ecumenical Temple
  3887 | Temple   | Became a worshipper of Vehumet
  4081 | D:4      | Slain by an orc

Illustrated notes

Levels and vault maps discovered:
D:1:      evilmike_arrival_home_sweet_home, layout_basic, minmay_box_of_dots
D:2:      layout_loops_corners
D:3:      layout_loops_ring, minitemple, chequers_ecumenical_altar_island,
          uniq_natasha
D:4:      layout_layer_cave, lemuel_temple_firewalk_a
Temple:   regret_index_temple_sphere_string

Skill      XL: |  1  2  3  4  5 |
---------------+----------------+-----
Fire Magic     | 4 5 |  5.5
Conjurations   | 2 3 |  3.1
Spellcasting   | 4 |  4.7
Dodging        | |  2.4
Stealth        | |  2.4

Action                   |  1- 3 |  4- 6 || total
-------------------------+-------+-------++-------
Melee: Dagger            |       |     2 ||     2
 Cast: Foxfire           |    87 |    89 ||   176
  Use: Scroll            |       |     1 ||     1
       Potion            |       |     1 ||     1
 Stab: Sleeping          |       |     2 ||     2
Armor: Robe              |     4 |     2 ||     6
Dodge: Dodged            |     8 |     7 ||    15
